2673 views
Uploaded 2020-12-26 00:55:57
Game version 1.32.9
9:46 long 1on1 custom game on (2)TerenasStand_LV
Game name "w3c-20-OvIcbPKrc"
Saved by Arilentalina
2673 views
Uploaded 2020-12-26 00:55:57
Game version 1.32.9
9:46 long 1on1 custom game on (2)TerenasStand_LV
Game name "w3c-20-OvIcbPKrc"

17 units @ 2.1k
/ 0.1k
9 buildings @ 1.5k
/ 0.4k



| Healing Salve | 2 | 200 |
| Scroll of Speed | 2 | 100 |
| Lesser Clarity Potion | 2 | 140 |
| Staff of Teleportation | 1 | 150 |
| total: | 7 | 590g |
| Peon | 8 | 600 | / | 0 |
| Grunt | 4 | 800 | / | 0 |
| Troll Headhunter | 3 | 420 | / | 60 |
| Troll Witch Doctor | 2 | 290 | / | 50 |
| total: | 17 | 2110g | / | 110w |
| Altar of Storms | 1 | 180 | / | 50 |
| Orc Burrow | 4 | 640 | / | 160 |
| Barracks | 1 | 180 | / | 50 |
| Voodoo Lounge | 1 | 130 | / | 30 |
| War Mill | 1 | 205 | / | 0 |
| Spirit Lodge | 1 | 150 | / | 150 |
| Stronghold | 1 | 315 | / | 190 |
| Fortress | 1 | 325 | / | 190 |
| total: | 9 | 1485g | / | 440w |
| 0:01 | Peon |
| 0:01 | Peon |
| 0:05 | Altar of Storms |
| 0:18 | Orc Burrow |
| 0:22 | Peon |
| 0:35 | Barracks |
| 0:43 | Peon |
| 0:52 | Peon |
| 1:00 | Peon |
| 1:32 | Peon |
| 1:35 | Peon |
| 1:36 | Grunt |
| 1:36 | Grunt |
| 2:05 | Feral Spirit |
| 2:11 | Stronghold |
| 2:27 | Voodoo Lounge |
| 2:38 | Orc Burrow |
| 2:59 | War Mill |
| 3:31 | Grunt |
| 3:48 | Chain Lighting |
| 3:53 | Healing Salve |
| 3:53 | Scroll of Speed |
| 4:48 | Frost Arrows |
| 5:03 | Fortress |
| 5:04 | Troll Headhunter |
| 5:14 | Spirit Lodge |
| 5:53 | Staff of Teleportation |
| 5:59 | Orc Burrow |
| 6:01 | Lesser Clarity Potion |
| 6:01 | Lesser Clarity Potion |
| 6:03 | Scroll of Speed |
| 6:20 | Troll Regeneration |
| 6:28 | Witch Doctor Adept Training |
| 6:46 | Troll Headhunter |
| 6:49 | Troll Witch Doctor |
| 7:14 | Troll Headhunter |
| 7:33 | Forked Lightning |
| 7:41 | Healing Salve |
| 7:59 | Orc Burrow |
| 8:01 | Reinforced Defenses |
| 8:04 | Pocket Factory |
| 8:08 | Witch Doctor Master Training |
| 8:55 | Grunt |
| 8:56 | Troll Witch Doctor |
| 9:03 | Berserker Upgrade |
| 9:13 | Feral Spirit |
| Right click | 928 |
| Select group | 341 |
| Select | 271 |
| Build/train/purchase | 72 |
| Assign group | 70 |
| Misc. action | 39 |
| Use ability | 15 |
| Esc | 1 |
16 units @ 2.7k
/ 0.4k
9 buildings @ 1.5k
/ 0.5k


| Rod of Necromancy | 4 | 600 |
| Potion of Mana | 1 | 200 |
| total: | 5 | 800g |
| Acolyte | 3 | 225 | / | 0 |
| Ghoul | 3 | 360 | / | 0 |
| Crypt Fiend | 8 | 1720 | / | 320 |
| Obsidian Statue | 2 | 400 | / | 70 |
| total: | 16 | 2705g | / | 390w |
| Nerubian Tower | 1 | 100 | / | 20 |
| Altar of Darkness | 1 | 180 | / | 50 |
| Ziggurat | 4 | 600 | / | 200 |
| Crypt | 1 | 200 | / | 50 |
| Tomb of Relics | 1 | 130 | / | 30 |
| Graveyard | 1 | 215 | / | 0 |
| Slaughterhouse | 1 | 140 | / | 135 |
| Halls of the Dead | 2 | 640 | / | 420 |
| Black Citadel | 2 | 650 | / | 460 |
| total: | 9 | 1465g | / | 465w |
| 0:08 | Altar of Darkness |
| 0:11 | Ziggurat |
| 0:13 | Acolyte |
| 0:23 | Acolyte |
| 0:44 | Crypt |
| 0:48 | Acolyte |
| 1:05 | Tomb of Relics |
| 1:24 | Graveyard |
| 1:44 | Ghoul |
| 1:45 | Ghoul |
| 1:49 | Ziggurat |
| 2:08 | Rod of Necromancy |
| 2:10 | Death Coil |
| 2:19 | Ghoul |
| 3:10 | Halls of the Dead |
| 3:27 | Crypt Fiend |
| 3:27 | Crypt Fiend |
| 3:38 | Nerubian Tower |
| 3:57 | Ziggurat |
| 4:13 | Unholy Aura |
| 4:14 | Crypt Fiend |
| 4:39 | Crypt Fiend |
| 4:54 | Crypt Fiend |
| 5:14 | Rod of Necromancy |
| 5:58 | Slaughterhouse |
| 6:42 | Rod of Necromancy |
| 6:46 | Frost Nova |
| 6:52 | Black Citadel |
| 7:05 | Obsidian Statue |
| 7:11 | Death Coil |
| 7:16 | Crypt Fiend |
| 7:33 | Crypt Fiend |
| 7:47 | Frost Armor |
| 7:57 | Ziggurat |
| 8:15 | Burrow |
| 9:01 | Obsidian Statue |
| 9:01 | Crypt Fiend |
| 9:04 | Rod of Necromancy |
| 9:07 | Potion of Mana |
| Right click | 477 |
| Select group | 468 |
| Select | 212 |
| Build/train/purchase | 70 |
| Misc. action | 59 |
| Assign group | 19 |
| Minimap ping | 19 |
| Use ability | 10 |
| Item give/drop | 2 |